 Dungeon Crawl Stone Soup version 0.30.1-11-g7821555f0a (webtiles) character file.

Game seed: 1699410147149366399

2143014 Hi5aMiFi the Invulnerable (level 26, 266/266 HPs)
             Began as a Minotaur Fighter on Dec 11, 2023.
             Was the Champion of Trog.
             Escaped with the Orb
             ... and 4 runes on Dec 13, 2023!
             The game lasted 07:36:37 (78924 turns).

Hi5aMiFi the Invulnerable (Minotaur Fighter)       Turns: 78924, Time: 07:36:37

Health: 266/266    AC: 49    Str: 36      XL:     26   Next: 32%
Magic:  31/31      EV: 10    Int:  6 (7)  God:    Trog [******]
Gold:   625        SH: 32    Dex: 11 (12) Spells: 25/25 levels left

rFire   + + .        w - +11 broad axe of Abomination {heavy, rF+ rC- Str+5}
rCold   . . .        X - +3 tower shield
rNeg    . . .        o - +9 crystal plate armour of Wu Jian's Indignation {SInv}
rPois   +            Q - +1 hat of the Vacuum {*Corrode rPois Dex+2 SInv}
rElec   +            u - scarf {rC+ rF+}
rCorr   +            g - +2 pair of gloves {infuse}
SInv    +            i - +2 pair of boots {rampage}
Will    +....        c - amulet of reflection Stlth
                     q - +4 ring of slaying
HPRegen 0.64/turn    A - ring "Atwaluc" {rElec rCorr MP+9}
MPRegen 0.22/turn

%: corrode self (3%), reflection, rampage, infuse magic (1 MP)
@: no status effects
A: horns 2, retaliatory headbutt
0: Orb of Zot
}: 4/15 runes: barnacled, slimy, silver, gossamer
a: Renounce Religion, Berserk, Trog's Hand, Brothers in Arms


You escaped.
You worshipped Trog.
Trog was exalted by your worship.
You visited 10 branches of the dungeon, and saw 52 of its levels.
You also visited: Wizlab.

You collected 8710 gold pieces.
You spent 8085 gold pieces at shops.

Inventory:

Hand Weapons
 j - a +9 vampiric broad axe
 k - a +9 antimagic demon whip
 w - the +11 broad axe of Abomination (weapon) {heavy, rF+ rC- Str+5}
   (Trog gifted it to you on level 3 of the Realm of Zot)

   Str:       It affects your strength (+5).
   rF:        It protects you from fire.
   rC:        It makes you vulnerable to cold.
Missiles
 p - 16 javelins
 t - 5 curare-tipped darts
 B - 36 boomerangs (quivered)
 O - 8 boomerangs of dispersal
 P - 11 throwing nets
 U - 7 silver javelins
Armour
 g - a +2 pair of gloves of infusion (worn)
 i - a +2 pair of boots of rampaging (worn)
 o - the +9 crystal plate armour of Wu Jian's Indignation (worn) {SInv}
   (You bought it in a shop on level 2 of the Elven Halls)

   SInv:      It lets you see invisible.
 u - a scarf of resistance (worn)
 Q - the +1 hat of the Vacuum (worn) {*Corrode rPois Dex+2 SInv}
   (You acquired it on level 3 of the Elven Halls)

   Dex:       It affects your dexterity (+2).
   rPois:     It protects you from poison.
   SInv:      It lets you see invisible.
   *Corrode:  It may corrode you when you take damage.
 V - a +2 cloak of preservation
 X - a +3 tower shield (worn)
Jewellery
 c - an amulet of reflection (around neck)
 q - a +4 ring of slaying (left hand)
 r - the ring "Kaenebro" {rN+ Str+6 Int+6}
   (You bought it in a shop on level 1 of the Elven Halls)

   [ring of intelligence]

   Str:       It affects your strength (+6).
   Int:       It affects your intelligence (+6).
   rN:        It protects you from negative energy.
 v - the ring of Xoahih {rPois rF+ rC+ Will- Int+3}
   (You found it on level 5 of the Pits of Slime)

   [ring of protection from fire]

   Int:       It affects your intelligence (+3).
   rF:        It protects you from fire.
   rC:        It protects you from cold.
   rPois:     It protects you from poison.
   Will:      It decreases your willpower.
 x - the ring of Zauj {Will+ Dex+2 Stlth+}
   (You bought it in a shop on level 2 of the Orcish Mines)

   [ring of willpower]

   Dex:       It affects your dexterity (+2).
   Will:      It increases your willpower.
   Stlth:     It makes you more stealthy.
 A - the ring "Atwaluc" (right hand) {rElec rCorr MP+9}
   (You found it on level 4 of the Vaults)

   [ring of magical power]

   rElec:     It insulates you from electricity.
   MP:        It affects your magic capacity (+9).
   rCorr:     It protects you from acid and corrosion.
 H - the ring of Utoolef {rF+++ rC- rCorr Int+5 Slay+4}
   (You found it on level 2 of the Realm of Zot)

   [ring of slaying]

   Int:       It affects your intelligence (+5).
   Slay:      It affects your accuracy & damage with ranged weapons and melee
   (+4).
   rF:        It renders you almost immune to fire.
   rC:        It makes you vulnerable to cold.
   rCorr:     It protects you from acid and corrosion.
 S - a +4 ring of slaying
Wands
 a - a wand of iceblast (20)
 T - a wand of paralysis (34)
 W - a wand of light (38)
 Z - a wand of digging (6)
Scrolls
 e - 6 scrolls of vulnerability
 l - 9 scrolls of blinking
 m - 6 scrolls of silence
 n - 6 scrolls of immolation
 z - 10 scrolls of poison
 G - 24 scrolls of teleportation
 L - a scroll of butterflies
 R - 8 scrolls of fear
 Y - 3 scrolls of fog
Potions
 d - 2 potions of might
 f - 20 potions of curing
 h - 3 potions of cancellation
 s - 19 potions of heal wounds
 y - a potion of invisibility
 C - 20 potions of mutation
 F - 8 potions of lignification
 I - 6 potions of attraction
 K - 4 potions of haste
 M - 5 potions of ambrosia
 N - 2 potions of berserk rage
Miscellaneous
 b - a tin of tremorstones (1/2)
 D - a phantom mirror (inert)
 E - a box of beasts (inert)


   Skills:
 O Level 27 Fighting
 - Level 19.2(20.1) Axes
 - Level 10.4(16.0) Maces & Flails
 - Level 2.4(12.8) Polearms
 + Level 20.8 Throwing
 O Level 27 Armour
 - Level 5.0 Dodging
 O Level 27 Shields
 - Level 15.0 Evocations


You had 25 spell levels left.
You didn't know any spells.
Your spell library contained the following spells:

 Spells                   Type           Power      Damage    Failure   Level
 Freeze                   Ice            0%         1d3       90%         1
 Frozen Ramparts          Ice            0%         1d1       99%         3
 Hailstorm                Conj/Ice       0%         3d3       99%         3
 Ice Form                 Ice/Tmut       0%         N/A       100%        4
 Summon Ice Beast         Ice/Summ       0%         N/A       100%        4


Dungeon Overview and Level Annotations

Branches:
Dungeon (15/15)            Temple (0/1) D:5            Lair (5/5) D:9
 Shoals (4/4) Lair:3       Spider (4/4) Lair:3        Slime (5/5) Lair:4
    Orc (2/2) D:10            Elf (3/3) Orc:2        Vaults (5/5) D:14
  Crypt (0/3) Vaults:3     Depths (4/4) D:15            Zot (5/5) Depths:4
 WizLab (visited)

Altars:
Ashenzari
Cheibriados
Dithmenos
Kikubaaqudgha
Okawaru
Qazlal
Ru
Sif Muna
Trog
Uskayaw
Xom

Shops:
D:1 :   D:4 *   D:6 *   D:7 !   D:14 [=   D:15 (   Orc:2 =[!*   Elf:1 ?:(*=:==
Elf:2 [((   Elf:3 *([!*   Vaults:2 ([:   Vaults:4 [   Vaults:5 *[   Depths:3 ?

Portals:
Hell: Depths:1 Depths:2 Depths:3 Depths:4
Abyss: Depths:3 Depths:4
Pandemonium: Orc:2 Depths:2
Ziggurat: Depths:1

Annotations:
Zot:2 1 runed translucent door, 2 transporters, Sofait's ghost, legendary GnFE


Innate Abilities, Weirdness & Mutations

You have a pair of horns on your head.
You reflexively headbutt those who attack you in melee.


Message History

There is a stone staircase leading up, spattered with blood here.
You climb upwards.
There is a stone staircase leading down here.
HP restored.
There is a stone staircase leading up here.
You climb upwards.
There is a stone staircase leading down here.
There is a stone staircase leading up here.
You climb upwards.
There is a stone staircase leading down here.
You feel yourself speed up.
There is a fountain of clear blue water here.
There is a stone staircase leading up here.
You climb upwards.
There is a stone staircase leading down here.
You see here a +0 short sword.
You see here a +0 dagger.
There is a stone staircase leading up here.
You climb upwards.
There is a stone staircase leading down here.
There is a stone staircase leading up here.
You climb upwards.
There is a stone staircase leading down here.
Your extra speed is starting to run out.
There is a stone staircase leading up here.
You climb upwards.
There is a stone staircase leading down here.
Aiming: Dig
Press: ? - help, Shift-Dir - straight line A rock wall.
This square is covered in magical glow.
The rock shatters into small pieces.
Blink to where?
Press: ? - help, Dir - move target
As you read the scroll of blinking, it crumbles to dust.
You feel yourself slow down.
Blink to where?
Press: ? - help, Dir - move target
As you read the scroll of blinking, it crumbles to dust.
You have escaped!

#.........##........#.....
#.........##..#######.....
#.........##...# #.....
#...........#.[######.....
#.........................
###'#'#.....##.########...
#.#.#######...#######...
#.#.#.....#...#.....#...
#.#.#..@.§'...#.....#...
#.#.#......#.##.....#...
#.#.###''##..####'###...
#.#......##...##........
#.#......##...##.....#..
#.#.########.#.#######..
########.#.#.....##.##§....####
#........#.#.....'...'..>..#
##.#######.#.....#...#.....#


There were no monsters in sight!

Vanquished Creatures
  the Royal Jelly (Slime:5)
  Dissolution (Slime:2)
  3 orbs of fire (Zot:5)
  2 pandemonium lords (Depths:1)
  2 dread liches
  5 ancient liches
  2 juggernauts
  6 Killer Klowns (Zot:5)
  Saint Roka (D:15)
  A curse toe (Zot:5)
  Bai Suzhen (Spider:3)
  4 golden dragons
  Jory (Depths:4)
  Nikola (Depths:1)
  2 bone dragons (Depths:4)
  A profane servitor (Depths:1)
  3 electric golems
  A Cloud Mage (WizLab)
  14 tentacled monstrosities
  A lich (Depths:4)
  Asterion (Depths:2)
  A titan (Vaults:5)
  26 Orb Guardians
  A deep elf master archer (Elf:3)
  2 deep elf blademasters
  6 quicksilver dragons
  16 acid blobs
  10 death cobs
  3 krakens (Shoals:1)
  An Executioner (D:8)
  Gastronok (D:11)
  Kirke (Spider:1)
  Polyphemus (Shoals:2)
  11 shadow dragons
  The ghost of Okkudo the Executioner, an adept HOMo of Beogh (Orc:2)
  8 storm dragons
  5 sphinxes
  3 tengu reavers
  8 azure jellies
  14 rockslimes
  4 draconian monks
  4 fire giants
  7 draconian knights
  7 frost giants
  7 deep elf sorcerers
  3 emperor scorpions
  13 vault wardens
  The ghost of Angrytalen2 the Severer, a journeyman MiGl of Hepliaklqana (Shoals:1)
  3 iron dragons (Vaults:5)
  7 ghost moths
  10 draconian scorchers
  A caustic shrike zombie (Depths:3)
  2 balrugs
  5 draconian stormcallers
  Louise (D:15)
  7 deep elf elementalists
  4 draconian shifters
  19 ironbound preservers
  3 orc warlords
  11 quicksilver oozes
  A spriggan defender (Depths:3)
  2 war gargoyles
  A very ugly thing (Vaults:5)
  6 broodmothers (Spider:4)
  A juggernaut skeleton (Depths:3)
  2 reapers (Depths:2)
  9 green draconians
  5 ironbound thunderhulks
  A lorocyproca (Depths:4)
  3 draconian annihilators
  12 stone giants
  A vampire knight (Depths:2)
  6 deep elf demonologists
  11 black draconians
  9 deep elf annihilators
  13 yellow draconians
  8 white draconians
  13 dire elephants
  A spark wasp (shapeshifter) (Vaults:5)
  14 purple draconians
  8 red draconians
  A minotaur (Orc:1)
  10 spark wasps
  A green death (D:8)
  3 deep elf death magi
  3 blizzard demons (WizLab)
  7 merfolk javelineers
  3 jiangshi
  10 fire dragons
  Josephine (Lair:3)
  16 yaktaur captains
  A quicksilver dragon zombie (Depths:2)
  14 ettins
  4 merfolk impalers
  5 deep elf high priests
  5 entropy weavers
  12 great orbs of eyes
  Fannar (D:11)
  The ghost of Unknown108 the Cleaver, a journeyman HOFi of Beogh (Orc:1)
  A peacekeeper (Vaults:2)
  30 vault guards
  3 ogre magi
  A quicksilver dragon skeleton (Depths:2)
  4 spriggan air magi
  3 ghost crabs
  A hydra (D:14)
  2 jorogumos (Spider:2)
  16 centaur warriors
  An alligator snapping turtle (Shoals:4)
  3 catoblepae
  2 demonspawn (Orc:2)
  4 ironbound frosthearts
  6 ice dragons
  7 merfolk aquamancers
  24 two-headed ogres
  2 radroaches
  9 boulder beetles
  27 dancing weapons
  2 death knights
  A naga warrior (Orc:1)
  6 satyrs
  5 merfolk avatars
  6 deep troll earth magi
  Urug (Orc:2)
  9 tengu warriors
  9 death yaks
  3 deep troll shamans (Depths:2)
  A hell hog (Depths:1)
  7 orc high priests
  2 vampire magi
  17 hell knights
  Nergalle (D:11)
  3 sun demons
  20 deep elf knights
  8 skeletal warriors
  5 pharaoh ants
  A fire crab (shapeshifter) (Vaults:4)
  A salamander mystic (Depths:1)
  4 death drakes (WizLab)
  6 glowing orange brains
  6 skysharks
  3 iron trolls (Depths:2)
  53 deep trolls
  13 sea snakes
  Lodul (D:14)
  A flayed ghost (Depths:3)
  A golden dragon zombie (Vaults:1)
  A sun moth (Spider:1)
  A tengu zombie (Vaults:1)
  8 deep elf archers
  2 spriggan simulacra (Depths:2)
  12 wizards
  14 orb spiders
  A lindwurm (Vaults:1)
  A death drake (shapeshifter) (Vaults:4)
  15 ironbound convokers
  An obsidian statue (Zot:5)
  Pikel (D:7)
  2 golden dragon skeletons (Depths:3)
  44 harpies
  12 wolf spiders
  27 deep elf pyromancers
  26 deep elf zephyrmancers
  5 steelbarb worms
  12 orc knights
  A phantasmal warrior (Vaults:5)
  10 necromancers
  A harpy (shapeshifter) (Vaults:5)
  A wolf spider (shapeshifter) (Vaults:5)
  30 fauns
  16 manticores
  29 ugly things
  A shining eye (Slime:5)
  8 orc sorcerers
  A fire giant zombie (Depths:2)
  11 cyclopes
  3 salamanders (Depths:1)
  27 moths of wrath
  3 tengu skeletons
  17 elephants
  2 smoke demons (Depths:1)
  A gargoyle (D:12)
  10 merfolk sirens
  A frost giant skeleton (Depths:1)
  A human skeleton (Vaults:1)
  2 black mambas
  3 fire giant skeletons
  2 eyes of devastation (shapeshifter)
  6 water nymphs
  An apocalypse crab (WizLab)
  15 vault sentinels
  3 eyes of devastation
  12 cane toads
  6 torpor snails
  Maggie (D:10)
  7 demonic crawlers
  A hellion (Depths:2)
  7 rime drakes
  2 yaktaur zombies
  2 kobold demonologists (D:9)
  18 yaktaurs
  An efreet (D:13)
  A komodo dragon (shapeshifter) (D:15)
  3 tengu conjurers
  11 komodo dragons
  An ice devil (Depths:1)
  A golden dragon simulacrum (Depths:2)
  A spriggan skeleton (Depths:1)
  2 red devils
  13 polar bears
  13 meliai
  6 trolls
  5 tyrant leeches (Spider:1)
  A merfolk (shapeshifter) (D:13)
  A wind drake (shapeshifter) (D:14)
  8 wind drakes
  A queen bee (Spider:3)
  A hellwing (D:14)
  A sphinx simulacrum (Depths:2)
  33 merfolk
  Prince Ribbit (Lair:3)
  19 dream sheep
  7 hornets
  15 tarantellas
  15 blink frogs
  Grinder (D:3)
  An iron dragon simulacrum (Depths:2)
  8 snapping turtles
  A frost giant simulacrum (Depths:2)
  108 slime creatures
  25 jumping spiders
  A culicivora (shapeshifter) (D:15)
  6 wraiths
  2 spriggans (Depths:3)
  3 shadows
  11 culicivoras
  5 wyverns
  2 vampires
  A ynoxinul (Depths:1)
  14 water elementals
  8 basilisks
  11 air elementals
  28 yaks
  A neqoxec (Orc:2)
  8 steam dragons
  An elf skeleton (Vaults:3)
  3 fire elementals
  6 hogs (Spider:1)
  The ghost of Azazsd the Shooter, an amateur DsHu (D:3)
  A chaos spawn (D:15)
  Grum (D:10)
  Menkaure (D:6)
  8 vampire mosquitoes (Spider:1)
  34 redbacks
  An acid dragon (D:8)
  6 wargs
  A floating eye (Depths:2)
  A glowing shapeshifter skeleton (Vaults:3)
  25 water moccasins
  5 black bears
  Duvessa (D:7)
  A sky beast (D:7)
  33 orc warriors
  A human zombie (Vaults:5)
  An ice beast (D:7)
  12 ogres
  19 wolves
  7 boggarts (D:15)
  3 phantoms
  17 centaurs
  2 lemures (D:7)
  3 kobold brigands
  Blork the orc (D:5)
  18 bullfrogs
  3 gnoll sergeants
  2 scorpions
  2 glowing shapeshifter simulacra
  2 earth elementals
  7 wights
  Dowan (D:7)
  27 killer bees
  7 electric eels
  9 howler monkeys
  A lava snake (D:9)
  31 orc priests
  2 gnoll boudas
  9 jellies
  7 iguanas
  21 orc wizards
  Robin (D:2)
  18 gnolls
  23 adders
  2 river rats (D:9)
  2 shadow imps
  3 white imps
  2 ufetubi (D:5)
  3 worms
  3 dart slugs
  84 orcs
  9 ball pythons
  8 bats
  7 endoplasms
  3 giant cockroaches
  12 goblins
  11 hobgoblins
  15 kobolds
  9 quokkas
  2 frilled lizards (D:1)
  7 rats
  12 tentacles (Shoals:1)
2293 creatures vanquished.

Vanquished Creatures (collateral kills)
  Mara (Spider:3)
  An orb of fire (Zot:5)
  A Killer Klown (Zot:5)
  Rupert (Lair:5)
  A deep elf blademaster (Elf:3)
  Frances (Spider:1)
  An emperor scorpion (Lair:3)
  A war gargoyle (Vaults:2)
  A spark wasp (Spider:1)
  Snorg (D:11)
  A crystal guardian (Vaults:2)
  A radroach (Spider:4)
  A jorogumo (Spider:4)
  A ghost crab (WizLab)
  A spriggan air mage (WizLab)
  A dancing weapon (D:14)
  An orc high priest (Orc:2)
  A death drake (WizLab)
  An orb spider (Spider:1)
  An orc knight (Orc:2)
  An ironbound convoker (Vaults:2)
  2 wolf spiders
  3 orc sorcerers (Orc:2)
  An elephant (shapeshifter) (Depths:4)
  A demonic crawler (Lair:3)
  An apocalypse crab (WizLab)
  2 tengu conjurers (D:14)
  A red devil (Orc:2)
  A wind drake (WizLab)
  A tarantella (Spider:4)
  3 slime creatures (Vaults:2)
  3 vampire mosquitoes (D:11)
  A neqoxec (Orc:2)
  A redback (Spider:4)
  5 orc warriors (Orc:2)
  3 orc priests (Orc:2)
50 creatures vanquished.

Vanquished Creatures (others)
  An ironbound preserver (Vaults:4)
  A rakshasa (Depths:2)
  2 deep elf knights (Elf:2)
  A shock serpent (WizLab)
  A wizard (Vaults:2)
  A tarantella (Spider:4)
  A killer bee (Spider:3)
  44 tentacles (Shoals:1)
52 creatures vanquished.

Grand Total: 2395 creatures vanquished

Notes
Turn   | Place    | Note
-------+----------+-------------------------------------------
     0 | D:1      | Hi5aMiFi the Minotaur Fighter began the quest for the Orb.
     0 | D:1      | Reached XP level 1. HP: 19/19 MP: 0/0
   140 | D:1      | Reached XP level 2. HP: 28/28 MP: 1/1
   227 | D:1      | Found Mahotuca's Book Boutique.
   328 | D:1      | You fall into a shaft and drop 1 floor!
   967 | D:2      | Reached skill level 5 in Fighting
  1066 | D:2      | Reached XP level 3. HP: 36/36 MP: 2/2
  1832 | D:2      | Noticed Robin
  1856 | D:2      | Killed Robin
  1961 | D:2      | Found a faded altar of an unknown god.
  1981 | D:3      | Found a transporter.
  2003 | D:3      | Found a transporter.
  2046 | D:3      | Noticed Azazsd's ghost (amateur DsHu)
  2088 | D:3      | Found a bloodstained altar of Trog.
  2094 | D:3      | Reached XP level 4. HP: 44/44 MP: 3/3
  2101 | D:3      | Became a worshipper of Trog the Wrathful
  2383 | D:3      | Noticed Grinder
  2794 | D:4      | Found a broken altar of Ashenzari.
  2806 | D:4      | Noticed a bullfrog
  2886 | D:4      | Noticed a scorpion
  2995 | D:4      | Noticed a phantom
  3019 | D:4      | Killed a phantom
  3020 | D:4      | Reached skill level 5 in Armour
  3020 | D:4      | Reached XP level 5. HP: 43/51 MP: 4/4
  3272 | D:4      | Reached * piety under Trog
  3330 | D:4      | Found Anomn's Assorted Antiques.
  3336 | D:4      | Bought a smoking hand axe for 192 gold pieces
  3336 | D:4      | Identified the +8 hand axe "Mioguj" {flame, +Blink rPois
                  | rC- rCorr} (You bought it in a shop on level 4 of the
                  | Dungeon)
  3397 | D:4      | Reached skill level 1 in Axes
  3397 | D:4      | Reached XP level 6. HP: 58/58 MP: 5/5
  3498 | D:4      | Reached skill level 1 in Throwing
  3524 | D:5      | Entered Level 5 of the Dungeon
  3556 | D:5      | Found a staircase to the Ecumenical Temple.
  3843 | D:5      | Reached XP level 7. HP: 66/66 MP: 6/6
  3962 | D:5      | Noticed Blork the orc
  4129 | D:5      | Found a shimmering blue altar of Sif Muna.
  4369 | D:6      | Found Nanum's Assorted Antiques.
  4444 | D:6      | Reached skill level 5 in Axes
  4454 | D:6      | Noticed a two-headed ogre
  4495 | D:6      | Noticed a steam dragon
  4579 | D:6      | Reached XP level 8. HP: 71/73 MP: 7/7
  4657 | D:6      | Noticed Menkaure
  4665 | D:7      | Found Wiwkic's Distillery.
  4752 | D:7      | Noticed a hornet
  4757 | D:7      | Killed a hornet
  4813 | D:7      | Reached ** piety under Trog
  5059 | D:8      | Noticed a komodo dragon
  5176 | D:7      | Noticed Pikel
  5201 | D:7      | Killed Pikel
  5202 | D:7      | Reached XP level 9. HP: 84/84 MP: 8/8
  5320 | D:7      | Found a sacrificial altar of Ru.
  5376 | D:7      | Noticed Dowan
  5377 | D:7      | Noticed Duvessa
  5389 | D:7      | Killed Duvessa
  5390 | D:7      | Reached skill level 10 in Fighting
  5393 | D:7      | Killed Dowan
  5715 | D:6      | Reached skill level 5 in Shields
  6547 | D:5      | Killed Blork the orc
  6585 | D:4      | Bought 3 scrolls labelled JAYGEI KOZOVUGG for 72 gold
                  | pieces
  6612 | D:3      | Killed Grinder
  6613 | D:3      | Reached skill level 10 in Axes
  6613 | D:3      | Reached XP level 10. HP: 94/94 MP: 9/9
  6716 | D:3      | Killed Azazsd's ghost
  6914 | D:6      | Found a shadowy altar of Dithmenos.
  7123 | D:8      | Killed a two-headed ogre
  7124 | D:8      | Reached skill level 10 in Armour
  7143 | D:8      | Reached *** piety under Trog
  7221 | D:8      | Found a snail-covered altar of Cheibriados.
  7867 | D:6      | Bought a dented sapphire amulet for 150 gold pieces
  8047 | D:9      | Reached skill level 1 in Evocations
  8187 | D:9      | Found a hide-covered altar of Uskayaw.
  8315 | D:9      | Noticed a death yak
  8315 | D:9      | Noticed a death yak
  8333 | D:8      | Killed a death yak
  8334 | D:8      | Reached XP level 11. HP: 102/102 MP: 8/10
  8424 | D:9      | Noticed a death yak
  8440 | D:9      | Killed a death yak
  8534 | D:9      | Found a staircase to the Lair.
  8564 | D:9      | Killed a death yak
  9255 | D:9      | Noticed a two-headed ogre
  9266 | D:9      | Killed a two-headed ogre
  9494 | D:9      | Reached **** piety under Trog
  9662 | D:9      | Noticed a wizard
  9666 | D:9      | Noticed a catoblepas
  9812 | D:10     | Entered Level 10 of the Dungeon
  9907 | D:10     | Found a staircase to the Orcish Mines.
  9999 | D:10     | Noticed Grum
 10013 | D:10     | Killed Grum
 10191 | D:10     | Noticed an orc high priest
 10193 | D:10     | Noticed a two-headed ogre
 10554 | D:10     | Found a transporter.
 10554 | D:10     | Found a transporter.
 10563 | D:10     | Noticed a two-headed ogre
 10564 | D:10     | Found the +2 cloak of the Thief {*Fog Slay-2 SInv Stlth+}
 10705 | D:10     | Noticed Maggie
 10716 | D:10     | Killed Maggie
 10976 | D:6      | Killed Menkaure
 11112 | D:7      | Bought a potion of might for 40 gold pieces
 11112 | D:7      | Bought a potion of cancellation for 80 gold pieces
 11161 | D:4      | Bought a forked ivory wand for 96 gold pieces
 11261 | Lair:1   | Entered Level 1 of the Lair of Beasts
 11981 | Lair:1   | Reached XP level 12. HP: 97/113 MP: 11/11
 12400 | Lair:2   | Reached ***** piety under Trog
 12478 | Lair:2   | Found a shimmering altar of Xom.
 13261 | Lair:3   | Found a staircase to the Shoals.
 13278 | Lair:3   | Noticed Prince Ribbit
 13294 | Lair:3   | Killed Prince Ribbit
 13580 | Lair:3   | Reached skill level 10 in Shields
 13767 | Lair:3   | Found a hole to the Spider Nest.
 13823 | Lair:3   | Found the +3 giant club "Skullcrusher" {speed, Str+7}
 14162 | Lair:3   | Noticed Josephine
 14174 | Lair:3   | Killed Josephine
 14463 | Lair:3   | Received a gift from Trog
 14533 | Lair:3   | Reached XP level 13. HP: 121/124 MP: 12/12
 14789 | Lair:4   | Found a staircase to the Slime Pits.
 15125 | Lair:4   | Reached skill level 15 in Armour
 15314 | Lair:4   | Reached skill level 15 in Fighting
 15908 | Lair:5   | Entered Level 5 of the Lair of Beasts
 16031 | Lair:5   | Noticed Rupert
 16174 | D:11     | Noticed Snorg
 16183 | D:11     | Killed Snorg
 16197 | D:11     | Noticed Fannar
 16207 | D:11     | Killed Fannar
 16351 | D:11     | Identified the amulet of Tiepso {Acrobat Str+6 Dex+4
                  | Stlth-}
 16366 | D:11     | Received a gift from Trog
 16366 | D:11     | Reached ****** piety under Trog
 16429 | D:11     | Noticed Nergalle
 16452 | D:11     | Killed Nergalle
 17027 | D:11     | Noticed Gastronok
 17991 | D:12     | Reached skill level 15 in Axes
 18116 | D:12     | Reached XP level 14. HP: 135/135 MP: 13/13
 18675 | D:13     | Reached skill level 15 in Shields
 19198 | D:13     | Received a gift from Trog
 19419 | D:13     | Identified a scroll of acquirement
 19420 | D:13     | Acquired a manual of Shields
 20328 | D:14     | Noticed Lodul
 20335 | D:14     | Killed Lodul
 20354 | D:14     | Found Xummij's Armour Boutique.
 20533 | D:14     | Found Iddoodaph's One-of-a-Kind Rings.
 20554 | D:14     | Found a gate to the Vaults.
 21354 | Orc:1    | Entered Level 1 of the Orcish Mines
 21528 | Orc:1    | Found a runed translucent gate.
 21529 | Orc:1    | Found a runed translucent gate.
 21530 | Orc:1    | Found a runed translucent gate.
 21567 | Orc:1    | Noticed Unknown108's ghost (journeyman HOFi)
 21676 | Orc:2    | Entered Level 2 of the Orcish Mines
 21676 | Orc:2    | Noticed Okkudo's ghost (adept HOMo)
 21701 | Orc:2    | Found a runed translucent door.
 21734 | Orc:2    | Noticed Urug
 21744 | Orc:2    | Killed Urug
 21853 | Orc:2    | Reached skill level 1 in Maces & Flails
 22119 | Orc:2    | Found a staircase to the Elven Halls.
 22495 | Orc:2    | Reached XP level 15. HP: 95/141 MP: 14/14
 22813 | Orc:2    | Found Esogogg's General Store.
 22827 | Orc:2    | Found Wyxu Epi's Distillery.
 22833 | Orc:2    | Bought a scroll of silence for 114 gold pieces
 22963 | Orc:2    | Found Eteq's Jewellery Shoppe.
 22963 | Orc:2    | Found Puret's Antique Armour Emporium.
 22964 | Orc:2    | Found a one-way gate leading to the halls of Pandemonium.
 23177 | Orc:2    | Bought a runed cloak for 247 gold pieces
 23190 | Orc:2    | Bought the ring of Zauj {Will+ Dex+2 Stlth+} for 507 gold
                  | pieces
 23409 | D:14     | Bought the ring "Kittihal" {rElec MP+9 Str+3 Int+2 Dex+3}
                  | for 812 gold pieces
 23593 | Orc:2    | Bought a potion of resistance for 140 gold pieces
 23738 | D:10     | Received a gift from Trog
 23823 | D:10     | Reached skill level 5 in Maces & Flails
 23975 | Spider:1 | Entered Level 1 of the Spider Nest
 23975 | Spider:1 | Noticed an emperor scorpion
 23996 | Lair:3   | Killed an emperor scorpion
 24127 | Spider:1 | Noticed Frances
 24134 | Spider:1 | Killed Frances
 24474 | Spider:1 | Noticed an emperor scorpion
 24500 | Spider:1 | Killed an emperor scorpion
 25136 | Spider:1 | Noticed Kirke
 25204 | Spider:1 | Killed Kirke
 25244 | Spider:1 | Received a gift from Trog
 25245 | Spider:1 | Reached skill level 5 in Throwing
 26164 | Spider:2 | Reached XP level 16. HP: 151/151 MP: 15/15
 26518 | Spider:2 | Received a gift from Trog
 27002 | Spider:3 | Noticed Mara
 27006 | Spider:3 | Noticed Hi5aMiFi's illusion
 27421 | Spider:3 | Noticed Hi5aMiFi's illusion
 27606 | Spider:3 | Noticed Bai Suzhen
 27622 | Spider:3 | Killed Bai Suzhen
 28104 | Spider:4 | Entered Level 4 of the Spider Nest
 28455 | Spider:4 | Reached skill level 5 in Evocations
 28544 | Spider:4 | Received a gift from Trog
 29719 | Spider:4 | Reached XP level 17. HP: 163/163 MP: 16/16
 29742 | Spider:4 | Received a gift from Trog
 29799 | Spider:4 | Got a gossamer rune of Zot
 30449 | D:11     | Killed Gastronok
 30610 | Lair:5   | Killed Rupert
 31605 | Lair:5   | Identified the +10 great mace of Amorality {protect, rElec
                  | Str+2}
 31998 | Shoals:1 | Entered Level 1 of the Shoals
 32442 | Shoals:1 | Found a runed translucent gate.
 32442 | Shoals:1 | Found a runed translucent gate.
 32442 | Shoals:1 | Found a runed translucent gate.
 32443 | Shoals:1 | Noticed Angrytalen2's ghost (journeyman MiGl)
 33594 | Shoals:1 | Noticed a kraken
 33613 | Shoals:1 | Killed a kraken
 33764 | Shoals:1 | Noticed a kraken
 34018 | Shoals:1 | Noticed a kraken
 34077 | Shoals:1 | Killed a kraken
 34544 | Shoals:1 | Noticed a kraken
 34544 | Shoals:1 | Found a runed translucent door.
 35404 | Shoals:3 | Noticed Polyphemus
 35412 | Shoals:2 | Killed Polyphemus
 35753 | Shoals:3 | Received a gift from Trog
 36602 | Shoals:1 | Reached XP level 18. HP: 158/176 MP: 3/17
 38270 | Shoals:3 | Received a gift from Trog
 39078 | Shoals:4 | Entered Level 4 of the Shoals
 39459 | Shoals:4 | Reached skill level 10 in Throwing
 40543 | Shoals:4 | Got a barnacled rune of Zot
 41053 | Shoals:4 | Received a gift from Trog
 41222 | Orc:1    | Found an iron altar of Okawaru.
 41265 | Orc:1    | Killed Unknown108's ghost
 41464 | Orc:2    | Killed Okkudo's ghost
 41849 | Orc:2    | Bought a +4 ring of slaying for 1014 gold pieces
 42050 | Vaults:1 | Entered Level 1 of the Vaults
 42576 | Vaults:1 | Reached XP level 19. HP: 184/185 MP: 8/18
 43521 | Vaults:1 | Received a gift from Trog
 44266 | Vaults:1 | Reached skill level 15 in Throwing
 44297 | Vaults:2 | Found Fuqaeh's Armour Shop.
 44314 | Vaults:2 | Found a magical portal.
 44330 | WizLab   | Entered The Chambers of the Cloud Mage
 44530 | WizLab   | Paralysed by an air elemental for 1 turns
 44643 | WizLab   | Paralysed by an air elemental for 1 turns
 44676 | WizLab   | Acquired a manual of Armour
 44855 | WizLab   | Paralysed by an air elemental for 1 turns
 45020 | WizLab   | Noticed Goeticw
 45043 | WizLab   | Killed Goeticw the Cloud Mage
 45100 | WizLab   | Identified the +9 plate armour "Riafax" {*Corrode MP+9
                  | Str+7 Dex+3}
 45248 | Vaults:2 | Received a gift from Trog
 45351 | Vaults:2 | Identified the +2 great mace of Dividends {freeze, Dex+2}
 45414 | Vaults:2 | Found Ypsem's Weapon Shop.
 46224 | Vaults:2 | Reached XP level 20. HP: 157/198 MP: 14/19
 46418 | Vaults:2 | Found Mepree's Book Boutique.
 46681 | Vaults:3 | Received a gift from Trog
 47144 | Vaults:3 | Found a staircase to the Crypt.
 48854 | Spider:3 | Killed Mara
 50177 | Vaults:4 | Identified the ring "Atwaluc" {rElec rCorr MP+9}
 50413 | Vaults:4 | Noticed a golden dragon
 50425 | Vaults:4 | Killed a golden dragon
 50425 | Vaults:4 | Received a gift from Trog
 50486 | Vaults:4 | Found Xotyf's Armour Boutique.
 50584 | Vaults:4 | Reached skill level 1 in Dodging
 51995 | Shoals:1 | Killed Angrytalen2's ghost
 51995 | Shoals:1 | Received a gift from Trog
 52091 | Shoals:1 | Identified the +4 pair of gloves of Repulsion {+Inv Will-
                  | Dex+2}
 52642 | Elf:1    | Entered Level 1 of the Elven Halls
 52706 | Elf:1    | Reached XP level 21. HP: 209/209 MP: 17/20
 52895 | Elf:1    | Found Bazirr's General Store.
 52911 | Elf:1    | Bought a scroll of enchant armour for 97 gold pieces
 53026 | Elf:1    | Found Bunaucysm's Weapon Shoppe.
 53086 | Elf:1    | Found Vauched's Jewellery Shop.
 53129 | Elf:1    | Found Yruxerekut's Jewellery Emporium.
 53130 | Elf:1    | Found Ukkumic's Book Shop.
 53131 | Elf:1    | Found Comy's Jewellery Emporium.
 53339 | Elf:1    | Found Tolunar's Book Shoppe.
 53521 | Elf:1    | Found Gimpi's Magic Scroll Emporium.
 53524 | Elf:1    | Bought a scroll of magic mapping for 112 gold pieces
 53524 | Elf:1    | Bought a scroll of enchant armour for 112 gold pieces
 53524 | Elf:1    | Bought a scroll of blinking for 112 gold pieces
 53658 | Elf:2    | Identified the +12 mace "Cisajoi" {heavy, Str+4} (Trog
                  | gifted it to you on level 2 of the Elven Halls)
 53658 | Elf:2    | Received a gift from Trog
 53692 | Elf:2    | Paralysed by an air elemental for 1 turns
 53702 | Elf:2    | Paralysed by an air elemental for 1 turns
 53706 | Elf:2    | Paralysed by an air elemental for 1 turns
 53710 | Elf:2    | Paralysed by an air elemental for 1 turns
 53782 | Elf:2    | Reached skill level 5 in Dodging
 54103 | Elf:2    | Found Fuufumyt's Antique Weapon Shop.
 54115 | Elf:2    | Found Cissiju's Antique Weapon Boutique.
 54124 | Elf:2    | Received a gift from Trog
 54138 | Elf:2    | Reached skill level 10 in Evocations
 54265 | Elf:2    | Found Jaaps's Armour Shop.
 54485 | Elf:2    | Found a runed translucent gate.
 54486 | Elf:2    | Found a runed translucent gate.
 54486 | Elf:2    | Found a runed translucent gate.
 54963 | Elf:3    | Entered Level 3 of the Elven Halls
 55027 | Elf:3    | Found Mojimun's CLEARANCE SALE!.
 55041 | Elf:3    | Bought a scroll of acquirement for 260 gold pieces
 55041 | Elf:3    | Acquired the +1 hat of the Vacuum {*Corrode rPois Dex+2
                  | SInv}
 55205 | Elf:3    | Found Ixtupt's Assorted Antiques.
 55206 | Elf:3    | Found Sisobon's Distillery.
 55206 | Elf:3    | Found Caum Awk's Antique Armour Emporium.
 55209 | Elf:3    | Found Fory's Weapon Emporium.
 55404 | Elf:3    | Received a gift from Trog
 55423 | Elf:3    | Paralysed by an air elemental for 1 turns
 55580 | Elf:3    | Identified the ring "Unept" {Ice Str+4 Dex+3}
 55757 | Elf:3    | Identified the ring of Ecue {rC+ Will+ Str+3}
 56286 | Elf:3    | Identified the +3 ring mail of the Conjuring Gods {rF+
                  | Int+5}
 56298 | Elf:3    | Identified the +3 hand axe "Webyall" {drain, rElec rF-
                  | Dex+5}
 56392 | Elf:3    | Identified the staff of death "Qoem" {*Slow rN+ rCorr
                  | Dex+2}
 56481 | Elf:3    | Identified the staff of conjuration "Coizxaiq" {rElec rPois
                  | Str+4 Int-5}
 56800 | D:15     | Entered Level 15 of the Dungeon
 56800 | D:15     | Noticed Louise
 56800 | D:15     | Found Zeateim's Weapon Shop.
 56956 | D:15     | Received a gift from Trog
 56984 | D:15     | Reached XP level 22. HP: 219/220 MP: 1/21
 57151 | D:15     | Found an ancient bone altar of Kikubaaqudgha.
 57387 | D:15     | Killed Louise
 57521 | D:15     | Found a staircase to the Depths.
 57850 | Slime:1  | Entered Level 1 of the Pits of Slime
 58085 | Slime:2  | Received a gift from Trog
 58243 | Slime:3  | Noticed Dissolution
 58254 | Slime:2  | Killed Dissolution
 58703 | Slime:5  | Entered Level 5 of the Pits of Slime
 59261 | Slime:5  | Noticed the Royal Jelly
 59272 | Slime:5  | Killed the Royal Jelly
 59340 | Slime:5  | Found the +10 dark maul {heavy}
 59354 | Slime:5  | Identified the ring of Xoahih {rPois rF+ rC+ Will- Int+3}
 59364 | Slime:5  | Got a slimy rune of Zot
 59370 | Slime:5  | Identified the +5 rapier of Hi5aMiFi's Terror {antimagic,
                  | rF+ Int+3}
 59397 | Slime:5  | Identified the +0 scimitar of the Lair of Beasts {freeze,
                  | *Rage rC+ Int+3 Dex+3}
 59524 | Slime:5  | Identified the staff of fire "Huamoj" {rF+ Int+2}
 59655 | Slime:2  | Received a gift from Trog
 59854 | Elf:2    | Bought the +9 crystal plate armour of Wu Jian's Indignation
                  | {SInv} for 1612 gold pieces
 60098 | Depths:1 | Entered Level 1 of the Depths
 60098 | Depths:1 | Noticed Saint Roka
 60185 | D:15     | Killed Saint Roka
 60338 | Depths:1 | Noticed Nikola
 60357 | Depths:1 | Killed Nikola
 60674 | Depths:1 | Found a one-way gateway to a ziggurat.
 61791 | Depths:1 | Found a gateway to Hell.
 61915 | Depths:2 | Received a gift from Trog
 62115 | Depths:2 | Noticed Asterion
 62126 | Depths:2 | Killed Asterion
 62311 | Depths:2 | Reached XP level 23. HP: 226/232 MP: 21/22
 62524 | Depths:2 | Noticed a juggernaut
 62546 | Depths:2 | Killed a juggernaut
 63051 | Depths:2 | Reached skill level 15 in Evocations
 63281 | Depths:2 | Received a gift from Trog
 63456 | Depths:2 | Identified the +6 spear "Utrupt" {flame, Will+}
 63677 | Depths:3 | Found a one-way gate to the infinite horrors of the Abyss.
 64026 | Depths:3 | Found a bloodstained altar of Trog.
 64082 | Depths:3 | Found Rypuciow's Magic Scroll Shop.
 64085 | Depths:3 | Bought a scroll of enchant weapon for 135 gold pieces
 64085 | Depths:3 | Bought a scroll of enchant weapon for 135 gold pieces
 64245 | Depths:3 | Noticed a juggernaut
 64257 | Depths:3 | Killed a juggernaut
 64900 | Depths:4 | Entered Level 4 of the Depths
 65031 | Depths:3 | Bought a scroll of blinking for 135 gold pieces
 65067 | Depths:4 | Found a stormy altar of Qazlal.
 65130 | Depths:4 | Received a gift from Trog
 65155 | Depths:4 | Noticed Jory
 65176 | Depths:4 | Killed Jory
 65879 | Depths:4 | Found a gate to the Realm of Zot.
 66225 | Vaults:5 | Entered Level 5 of the Vaults
 66225 | Vaults:5 | Found Pela's General Store.
 66250 | Vaults:5 | Identified the staff of conjuration "Neefuashra" {+Blink
                  | rF+ Will+ rCorr}
 66280 | Vaults:5 | Noticed an ancient lich
 66295 | Vaults:5 | Killed an ancient lich
 66996 | Vaults:5 | Reached XP level 24. HP: 243/243 MP: 22/22
 67153 | Vaults:5 | Identified the +8 whip of Darkness {antimagic, rPois Int+2
                  | Stlth+}
 67185 | Vaults:5 | Noticed a dread lich
 67202 | Vaults:5 | Killed a dread lich
 67274 | Vaults:5 | Identified the +4 dagger of Dull Expedience {freeze, rC+}
 67367 | Vaults:5 | Noticed an ancient lich
 67379 | Vaults:5 | Killed an ancient lich
 67425 | Vaults:5 | Received a gift from Trog
 67493 | Vaults:5 | Identified the +2 quarterstaff of the World {pain, *Slow
                  | rElec Will+ SInv}
 67587 | Vaults:5 | Paralysed by a sphinx for 4 turns
 67601 | Vaults:5 | Reached skill level 27 in Armour
 68042 | Vaults:5 | Identified the ring "Vunayte" {AC+4 Int+2}
 68641 | Vaults:5 | Found Xekux's Antique Armour Shop.
 68650 | Vaults:5 | Got a silver rune of Zot
 69264 | Elf:3    | Bought a potion of haste for 190 gold pieces
 69264 | Elf:3    | Bought a potion of might for 76 gold pieces
 69639 | Vaults:5 | Bought a scroll of enchant armour for 120 gold pieces
 69639 | Vaults:5 | Bought a potion of berserk rage for 80 gold pieces
 69639 | Vaults:5 | Bought a potion of attraction for 48 gold pieces
 69947 | D:6      | Bought 2 potions of might for 240 gold pieces
 70118 | Elf:1    | Bought the ring "Kaenebro" {rN+ Str+6 Int+6} for 897 gold
                  | pieces
 70238 | Elf:3    | Bought a potion of haste for 260 gold pieces
 70594 | Zot:1    | Entered Level 1 of the Realm of Zot
 70931 | Zot:1    | Reached skill level 27 in Fighting
 71261 | Zot:1    | Received a gift from Trog
 71943 | Zot:1    | Identified the +5 chain mail "Jirohada" {Str-3 Int+8 Dex-4
                  | Slay+5}
 72693 | Zot:2    | Found a runed translucent door.
 72693 | Zot:2    | Noticed Sofait's ghost (legendary GnFE)
 72865 | Zot:2    | Found a transporter.
 72866 | Zot:2    | Identified the ring of Utoolef {rF+++ rC- rCorr Int+5
                  | Slay+4}
 73263 | Zot:2    | Found a transporter.
 73531 | Zot:3    | Identified the +11 broad axe of Abomination {heavy, rF+ rC-
                  | Str+5} (Trog gifted it to you on level 3 of the Realm of
                  | Zot)
 73531 | Zot:3    | Received a gift from Trog
 73532 | Zot:3    | Reached XP level 25. HP: 247/257 MP: 22/22
 73904 | Zot:3    | Reached skill level 27 in Shields
 75629 | Zot:5    | Entered Level 5 of the Realm of Zot
 75972 | Zot:5    | Received a gift from Trog
 76394 | Zot:5    | Noticed an orb of fire
 76402 | Zot:5    | Killed an orb of fire
 76519 | Zot:5    | Noticed an ancient lich
 76523 | Zot:5    | Noticed a dread lich
 76536 | Zot:5    | Killed an ancient lich
 76545 | Zot:5    | Killed a dread lich
 76636 | Zot:5    | Noticed a Killer Klown
 76656 | Zot:5    | Killed a Killer Klown
 76781 | Zot:5    | Noticed an orb of fire
 76792 | Zot:5    | Killed an orb of fire
 77019 | Zot:5    | Noticed a Killer Klown
 77023 | Zot:5    | Noticed a Killer Klown
 77029 | Zot:5    | Noticed an orb of fire
 77034 | Zot:5    | Killed an orb of fire
 77049 | Zot:5    | Noticed a Killer Klown
 77052 | Zot:5    | a Killer Klown changed into a rockslime
 77054 | Zot:5    | Killed a Killer Klown
 77112 | Zot:5    | Killed a Killer Klown
 77285 | Zot:5    | Noticed a Killer Klown
 77303 | Zot:5    | Killed a Killer Klown
 77495 | Zot:5    | Noticed an ancient lich
 77510 | Zot:5    | Killed an ancient lich
 77511 | Zot:5    | Reached XP level 26. HP: 266/266 MP: 3/22
 77665 | Zot:5    | Noticed an ancient lich
 77681 | Zot:5    | Noticed an orb of fire
 77685 | Zot:5    | Killed an ancient lich
 77697 | Zot:5    | Killed an orb of fire
 77732 | Zot:5    | Reached skill level 10 in Maces & Flails
 78170 | Zot:5    | Received a gift from Trog
 78512 | Zot:5    | Got the Orb of Zot
 78556 | Zot:2    | Noticed Teseyl the pandemonium lord
 78652 | Depths:1 | Noticed Sihaev the pandemonium lord
 78663 | Depths:1 | Killed Sihaev the pandemonium lord
 78668 | Depths:1 | Noticed Lihim the pandemonium lord
 78680 | Depths:1 | Killed Lihim the pandemonium lord
 78924 | D:$      | Escaped with the Orb!

Illustrated notes

Levels and vault maps discovered:
D:1:      dpeg_arrival_houses_and_road, layout_basic, serial_shops, shop
D:2:      layout_loops_ring, dreamdust_ecumenical_altar_angels_and_demons,
          uniq_robin
D:3:      layout_rooms, old_standard_altar, gammafunk_ghost_arena, uniq_grinder
D:4:      layout_gridville, mainiacjoe_overflow_boulevard, serial_shops, shop
D:5:      lemuel_ice_spiral_2, layout_basic, lemuel_coloured_pillars_altar,
          temple_fountains, serial_bayou_pond_e, minivault_27,
          nicolae_half_adder, uniq_blork_the_orc
D:6:      minmay_cornered_nines, layout_rooms, lemuel_round_altar, serial_shops,
          shop, minmay_holes, lemuel_flamethrower_1, uniq_menkaure
D:7:      layout_rooms, nicolae_ru_great_annihilating_truth, serial_shops, shop,
          uniq_duvessa, uniq_pikel
D:8:      layout_loops_cross, slow_altar_1
D:9:      kennysheep_windowed_halls, layout_cave_pools,
          nicolae_uskayaw_dance_hall, dpeg_lair_monsters, kennysheep_dice
D:10:     gammafunk_beogh_shrine, layout_loops_ring, david_orc_5, uniq_grum,
          uniq_maggie
D:11:     layout_basic, uniq_gastronok, uniq_fannar, uniq_snorg, uniq_nergalle
D:12:     layout_gridville
D:13:     layout_small_grid
D:14:     layout_loops_cross, erik_vaults_1, serial_shops, shop,
          nicolae_shop_unique_rings, uniq_lodul
D:15:     gammafunk_enter_depths_forms, layout_cave_pools, serial_shops,
          nicolae_shop_bloodbath_and_beyond, serial_column_ruins,
          column_ruins_square_small, column_ruins_open_tiny,
          column_ruins_open_tiny, column_ruins_grid_1,
          column_ruins_columns_corner, lemuel_round_altar, minivault_16,
          minmay_gold_behind_fungi, uniq_louise
Lair:1:   beast_lair_carwin_large_2, layout_chaotic_city, serial_bayou_lagoon_a
Lair:2:   layout_regular_city, serial_rivers, chequers_serial_rivers_micro_c,
          chequers_serial_rivers_micro_a, chequers_serial_rivers_small_a,
          chequers_serial_rivers_small_a, chequers_serial_rivers_micro_a,
          chequers_serial_rivers_micro_b, basic_altar
Lair:3:   lemuel_reptile_caves, layout_gridlike, minmay_shoals_entry_centaurs,
          hellmonk_spider_entry_not_the_bees, uniq_josephine,
          uniq_prince_ribbit2
Lair:4:   layout_small_grid, slime_entry_1, beast_lair_carwin_5
Lair:5:   gammafunk_lair_ancient_temple, layout_misc_corridors,
          infiniplex_staircase_pool_2, lemuel_fruit_tree, uniq_rupert
Shoals:1: nicolae_shoals_lighthouse, layout_shoals,
          gammafunk_ghost_tricky_traps, argonaut_gorgonesque
Shoals:2: layout_shoals, nicolae_shoals_loop_pool
Shoals:3: layout_shoals, nicolae_shoals_lost_giant_pillars, uniq_polyphemus
Shoals:4: shoals_end_grunt_garden, layout_shoals, nicolae_shoals_drake_roost
Spider:1: cheibrodos_forgotten_conduit, nicolae_spider_swamp_cousins,
          uniq_kirke, uniq_frances
Spider:2: layout_spider_delve, hangedman_spider_tarantella_strand
Spider:3: layout_chambers, special_room [special_room_bee],
          nicolae_spider_cling_halls, uniq_mara, uniq_bai_suzhen
Spider:4: hellmonk_spider_rune_endless_swarm
Slime:1:  layout_caves
Slime:2:  cheibrodos_slime_lost_civilization_2, layout_caves
Slime:3:  layout_caves, dissolution_awaits
Slime:4:  layout_caves, nicolae_slime_welcoming_committee
Slime:5
Orc:1:    layout_caves, gammafunk_ghost_fury_of_okawaru
Orc:2:    pf_orc_diabolical, layout_caves, hellmonk_ghost_happy_afterlife,
          uniq_urug
Elf:1:    layout_loops_corners, serial_shops, nicolae_shop_trees,
          nicolae_shop_advertising_works [nicolae_subvault_shop_adworks],
          nicolae_shop_rolled_up, nicolae_shop_waterfront,
          nicolae_shop_behind_doors, minmay_elf_sorcery, minmay_shop_grove
Elf:2:    nicolae_elf_blades_crystal_corner, layout_gridlike, sword_in_stone,
          minmay_shop_star
Elf:3:    minmay_elf_hall_furrowed, layout_geoelf_diagonals,
          nicolae_shop_clearance, minmay_shoptagon, grunt_megastairs_2
Vaults:1: nicolae_vaults_storage_room_statues, nicolae_vaults_back_hallway,
          v_misc_22, nicolae_vaults_stepped_doors, nicolae_vaults_double_plus_1,
          vaults_dpeg_emergency_exit, vaults_dpeg_diagonal,
          hangedman_vaults_stitches, nicolae_vaults_minivaults, v_misc_28,
          hangedman_vaults_corner, nicolae_vaults_storage_room_water,
          vaults_room_corners, nicolae_vaults_tetromino_Z_2, v_misc_15,
          layout_vaults_maze_bifur
Vaults:2: mu_enter_wizlab_4, vaults_room_large_hall, v_misc_24,
          nicolae_vaults_hallways_thing, nicolae_vaults_diamond_2,
          grunt_vaults_hallway_short, layout_vaults_omnigrid, serial_shops,
          shop, nicolae_shop_behind_doors, nicolae_shop_statue_plus
Vaults:3: minmay_crypt_entry_simple_round, vaults_room_pools, v_rooms_5,
          v_misc_1, v_pattern_2, hangedman_vaults_corner_blocks,
          vaults_mumra_lcd, layout_vaults_ring
Vaults:4: v_rooms_1, nicolae_vaults_closet_pinwheel_6, st_spiral_rooms,
          nicolae_vaults_oval_intersection, v_misc_28,
          nicolae_vaults_border_crossing, nicolae_vaults_angled_halls,
          nicolae_vaults_more_shelving_2,
          nicolae_vaults_taking_the_gang_shopping, layout_vaults_omnicross
Vaults:5
Depths:1: layout_honeycomb, enter_ziggurat_a, hellmouth_1, nicolae_titane,
          uniq_saint_roka, uniq_nikola
Depths:2: minmay_bubble_buster, layout_long_grid, pan_entry,
          minmay_misc_feat_ornament, pf_dread_powers_of_hell,
          minmay_parallelograms, serial_bayou_shore_a, uniq_josephina,
          uniq_asterion
Depths:3: nzn_winding_woodlands_three_and_one [nzn_winding_woodlands_5x15_pool,
          nzn_winding_woodlands_5x15_crooked, nzn_winding_woodlands_5x15_eye,
          nzn_winding_woodlands_center_diamonds], layout_cave_pools,
          lightli_too_deep, abyss_entry, bloody_trog, serial_shops,
          nicolae_shop_pleasant_corner_grove, item_on_display_a
Depths:4: grunt_zot_entry_alcove, layout_cave_pools, hell_entry,
          nicolae_qazlal_general_emergency,
          nicolae_abyss_entry_one_way_or_another, grunt_decor_one_mirror,
          uniq_jory
Zot:1:    layout_concentric_octagons, grunt_megastairs_3
Zot:2:    layout_gridlike, gammafunk_ghost_grave, nicolae_diode_stairs,
          uniq_grunn
Zot:3:    layout_misc_corridors
Zot:4:    layout_misc_corridors
Zot:5:    layout_misc_corridors, guppyfry_library_mini

Skill      XL: |  1  2  3  4  5  6  7  8  9 10 11 12 13 14 15 16 17 18 19 20 21 22 23 24 25 26 |
---------------+-------------------------------------------------------------------------------+-----
Fighting       | 4 5 6 7 9 10 11 12 14 15 16 17 19 20 21 22 23 24 25 27 | 27.0
Armour         | 5 6 7 9 11 13 14 15 16 19 20 21 24 26 27 | 27.0
Axes           | 1 2 6 9 10 11 13 15 17 19 | 19.2
Throwing       | 1 2 5 6 8 13 15 16 19 20 | 20.8
Shields        | 5 6 10 14 20 22 23 24 26 27 | 27.0
Evocations     | 2 4 5 8 12 14 15 | 15.0
Maces & Flails | 2 8 9 10 | 10.4
Dodging        | 4 5 |  5.0
Polearms       | |  2.4

Action                     |  1- 3 |  4- 6 |  7- 9 | 10-12 | 13-15 | 16-18 | 19-21 | 22-24 | 25-27 || total
---------------------------+-------+-------+-------+-------+-------+-------+-------+-------+-------++-------
  Melee: Trident           |   116 |    63 |     9 |       |       |       |       |       |       ||   188
         Headbutt          |     8 |     7 |    27 |   106 |   277 |   383 |   326 |   614 |   203 ||  1951
         Hand axe          |       |    31 |   107 |   497 |  1043 |   342 |       |       |       ||  2020
         War axe           |       |       |    15 |    13 |     1 |       |       |       |       ||    29
         Broad axe         |       |       |       |       |       |   164 |   643 |  1595 |   435 ||  2837
         Demon whip        |       |       |       |       |       |   933 |   552 |    63 |   146 ||  1694
  Throw: Stone             |     6 |    12 |     8 |       |       |       |       |       |       ||    26
         Dart              |     6 |    16 |    17 |    65 |    26 |       |       |       |       ||   130
         Boomerang         |       |       |    21 |    17 |    55 |   144 |    54 |   116 |    66 ||   473
         Javelin           |       |       |       |       |     3 |     8 |    22 |     5 |    23 ||    61
 Invoke: Berserk           |       |       |     3 |     6 |     4 |     2 |       |       |       ||    15
         Trog's Hand       |       |       |     1 |       |    11 |     2 |    16 |    14 |     3 ||    47
         Brothers in Arms  |       |       |       |       |     7 |     4 |     5 |     1 |     1 ||    18
  Evoke: Wand              |       |       |    10 |    10 |    25 |    21 |     1 |     4 |     8 ||    79
         Lightning rod     |       |       |       |       |     3 |     5 |       |       |       ||     8
         Tin of tremorston |       |       |       |       |     2 |     1 |     1 |       |     3 ||     7
         Phantom mirror    |       |       |       |       |     3 |     2 |     2 |     1 |     1 ||     9
         Box of beasts     |       |       |       |       |       |     1 |       |     1 |     1 ||     3
         Phial of floods   |       |       |       |       |       |       |     2 |       |       ||     2
    Use: Scroll            |     3 |     2 |     7 |    10 |    15 |    14 |    21 |    16 |     7 ||    95
         Potion            |       |       |     1 |     2 |     5 |    13 |    21 |     9 |    17 ||    68
   Stab: Paralysed         |       |       |     1 |     4 |     3 |     6 |     1 |       |       ||    15
         Invisible         |       |       |       |       |     1 |       |       |       |       ||     1
         Distracted        |       |       |       |       |       |     1 |     1 |     1 |       ||     3
         Petrified         |       |       |       |       |       |     6 |     1 |       |       ||     7
         Confused          |       |       |       |       |       |       |       |       |     1 ||     1
 Armour: Scale mail        |    34 |     7 |       |       |       |       |       |       |       ||    41
         Chain mail        |       |    24 |    57 |    29 |       |       |       |       |       ||   110
         Plate armour      |       |       |       |   139 |   280 |   434 |   302 |    49 |       ||  1204
         Skin              |       |       |       |     1 |       |    11 |       |       |     1 ||    13
         Crystal plate arm |       |       |       |       |       |       |       |   478 |   167 ||   645
  Dodge: Dodged            |    25 |    30 |    37 |   117 |   142 |   371 |   180 |   223 |    59 ||  1184
         Repelled          |       |       |       |       |       |     6 |       |       |       ||     6
  Block: Buckler           |    18 |    14 |    25 |    78 |       |       |       |       |       ||   135
         Kite shield       |       |       |       |    32 |   106 |       |       |       |       ||   138
         Tower shield      |       |       |       |       |   560 |  1377 |   905 |  1503 |   497 ||  4842
         Reflection        |       |       |       |       |       |       |    78 |    42 |    12 ||   132
